 Dungeon Crawl Stone Soup version 0.22-a0-558-gc224181 (webtiles) character file.

66 iamserjio the Chopper (level 3, 0/31 HPs)
             Began as a Minotaur Skald on June 27, 2018.
             Slain by a kobold
             ... wielding a +0 club
              (3 damage)
             ... on level 3 of the Dungeon.
             The game lasted 00:02:35 (421 turns).

iamserjio the Chopper (Minotaur Skald)               Turns: 421, Time: 00:02:36

Health: 0/31       AC:  3    Str: 16    XL:     3   Next: 96%
Magic:  4/4        EV: 12    Int: 10    God:
Gold:   34         SH:  0    Dex:  9    Spells: 3/4 levels left

rFire    . . .     SeeInvis .   a - +0 hand axe
rCold    . . .     Gourm    .   (no shield)
rNeg     . . .     Faith    .   b - +0 leather armour
rPois    .         Spirit   .   (helmet restricted)
rElec    .         Reflect  .   (no cloak)
rCorr    .         Harm     .   (no gloves)
MR       .....                  (no boots)
Stlth    +.........             (no amulet)
HPRegen  0.10/turn              (no ring)
MPRegen  0.09/turn              (no ring)

@: no status effects
A: retaliatory headbutt, horns 2
a: no special abilities


You were on level 3 of the Dungeon.
You were not hungry.

You visited 1 branch of the dungeon, and saw 3 of its levels.

You collected 34 gold pieces.

Inventory:

Hand Weapons
 a - a +0 hand axe (weapon)
Armour
 b - a +0 leather armour (worn)
Scrolls
 c - a scroll of identify {unknown}
 e - a scroll of teleportation {unknown}
 j - 3 scrolls of remove curse {unknown}
 k - a scroll of enchant weapon {unknown}
Potions
 f - 2 potions of resistance {unknown}
 g - a potion of experience {unknown}
 h - a potion of brilliance {unknown}
 i - a potion of degeneration {unknown}
Comestibles
 d - 2 rations


   Skills:
 + Level 3.3 Fighting
 * Level 4.0 Axes
 + Level 2.4 Armour
 - Level 2.1 Dodging
 - Level 1.3 Spellcasting
 - Level 2.0 Charms


You had 3 spell levels left.
You knew the following spells:

 Your Spells              Type           Power        Failure   Level  Hunger
a - Infusion              Chrm           #...         17%         1    ##.....

Your spell library contained the following spells:

 Spells                   Type           Power        Failure   Level  Hunger
 Regeneration             Chrm/Necr      #.........   61%         3    ####...
 Shroud of Golubria       Chrm/Tloc      #.........   36%         2    ###....
 Song of Slaying          Chrm           #.......     26%         2    ###....
 Spectral Weapon          Hex/Chrm       #.......     61%         3    ####...


Dungeon Overview and Level Annotations

Branches:
Dungeon (3/15)

Altars:
Hepliaklqana


Innate Abilities, Weirdness & Mutations

You reflexively headbutt those who attack you in melee.
You have a pair of horns on your head.


Message History

The gnoll hits you with a spear. The gnoll misses you.
You hit the gnoll.
The gnoll is heavily wounded.
You barely miss the kobold. You closely miss the gnoll. The gnoll misses you.
The gnoll hits you with a spear. The kobold hits you but does no damage.
You hit the gnoll. You headbutt the gnoll.
The gnoll is almost dead.
You closely miss the kobold. You closely miss the gnoll.
The gnoll closely misses you. You furiously retaliate!
You headbutt the gnoll.
You kill the gnoll!
Your Axes skill increases to level 4!
The gnoll completely misses you. The kobold hits you with a club.
* * * LOW HITPOINT WARNING * * *
You hit the gnoll.
The gnoll is heavily wounded.
You closely miss the kobold. You hit the dart slug.
The gnoll hits you with a spear.
* * * LOW HITPOINT WARNING * * *
The kobold hits you with a club.
You die...

#..........#.##.####
#..........# ......
#...#####..# #..)#
##..#?$)#..###...#
....#(%!#........#
##..#?)[#...###..#
....#####...# #..#
.#..........# #..#
.........# #g@#
#..####### ##Kw.#
... #......
####..... .#... # ..
#


You could see a gnoll, a dart slug and a kobold.

Vanquished Creatures
  2 adders (D:2)
  2 gnolls (D:3)
  An ooze (D:1)
  A dart slug (D:1)
  A leopard gecko (D:1)
  3 goblins
  5 hobgoblins
  A ball python (D:1)
  A bat (D:2)
  A frilled lizard (D:1)
  3 kobolds
  3 rats (D:1)
24 creatures vanquished.

Notes
Turn   | Place    | Note
-------+----------+-------------------------------------------
     0 | D:1      | iamserjio the Minotaur Skald began the quest for the Orb.
     0 | D:1      | Reached XP level 1. HP: 18/18 MP: 1/1
    92 | D:1      | Reached skill level 3 in Axes
    92 | D:1      | Reached XP level 2. HP: 25/25 MP: 3/3
   219 | D:2      | Reached XP level 3. HP: 29/31 MP: 4/4
   291 | D:2      | Found a hazy altar of Hepliaklqana.
   416 | D:3      | HP: 1/31 [gnoll/spear (3)]
   420 | D:3      | Reached skill level 4 in Axes
   421 | D:3      | Slain by a kobold

Vault maps used:
D:1:      lemuel_arrival_tunnels
D:2:      nicolae_overflow_crystal_walls
D:3:      okawaru_ov_weapons_minmay, serial_glass, glass_columns_b,
          glass_columns_a, glass_columns_b, glass_columns_a,
          due_unseen_surprise, minmay_strange_pillars, minmay_strange_pillars,
          nicolae_tso_swordbearing_angel

Skill      XL: |  1  2  3 |
---------------+----------+-----
Axes           | 3 4 |  4.0
Armour         | 2 |  2.4
Fighting       | 3 |  3.3
Dodging        | |  2.1
Spellcasting   | |  1.3
Charms         | |  2.0

Action                   || total
-------------------------++-------
Melee: Hand axe          ||    49
       Headbutt          ||     9
  Use: Potion            ||     3
Armor: Leather armour    ||     8
Dodge: Dodged            ||    42

Table legend:
 A = Spawn XP
 B = Non-spawn XP
 C = Spawn XP percentage of total XP
 D = Spawn monster count
 E = Non-spawn monster count
 F = Spawn count percentage of total count
 G = Total turns spent on level
                    A         B        C        D         E        F      G
               +---------+---------+-------+---------+---------+-------+---------
         Total |       0 |      95 |   0.0 |       0 |      24 |   0.0 |   421
               +---------+---------+-------+---------+---------+-------+---------
           D:1 |       0 |      23 |   0.0 |       0 |      10 |   0.0 |   227
           D:2 |       0 |      39 |   0.0 |       0 |       9 |   0.0 |   126
           D:3 |       0 |      33 |   0.0 |       0 |       5 |   0.0 |    68
               +---------+---------+-------+---------+---------+-------+---------
